 Dungeon Crawl Stone Soup version 0.25-a0-246-g58704a1ebd (webtiles) character file.

Game seed: 17092785813952628949, levelgen mode: deterministic

1328 floatRand the Chopper (level 8, 0/58 HPs)
             Began as a Demonspawn Monk on Dec 3, 2019.
             Slain by Menkaure (16 damage)
             ... on level 5 of the Dungeon.
             The game lasted 00:06:59 (5700 turns).

floatRand the Chopper (Demonspawn Monk)             Turns: 5700, Time: 00:07:00

Health: 0/58       AC: 15    Str: 14    XL:     8   Next: 34%
Magic:  8/8        EV: 17    Int: 11    God:
Gold:   180        SH:  0    Dex: 16    Spells: 7/7 levels left

rFire    + . .     SeeInvis .   u - +5 battleaxe
rCold    + . .     Gourm    .   (shield currently unavailable)
rNeg     . . .     Faith    .   l - +0 ring mail {rF+}
rPois    .         Spirit   .   f - +1 helmet
rElec    .         Reflect  .   (no cloak)
rCorr    .         Harm     .   (no gloves)
MR       .....                  h - +0 pair of boots
Stlth    +.........             g - amulet of regeneration
HPRegen  0.59/turn              r - +4 ring of evasion
MPRegen  0.11/turn              (no ring)

@: sanguine armour
A: hooves 1, cold resistance 1, sanguine armour 1
a: no special abilities


You were on level 5 of the Dungeon.
You were not hungry.

You visited 1 branch of the dungeon, and saw 5 of its levels.

You collected 180 gold pieces.

Inventory:

Hand Weapons
 a - a +0 hand axe
 p - a +3 mace
 u - a +5 battleaxe (weapon)
Missiles
 v - 8 curare-tipped darts (quivered)
Armour
 f - a +1 helmet (worn)
 h - a +0 pair of boots (worn)
 l - a +0 ring mail of fire resistance (worn)
 m - a +1 leather armour of cold resistance
Jewellery
 b - an uncursed ring of fire {unknown}
 g - an amulet of regeneration (around neck)
 r - a +4 ring of evasion (left hand)
 t - an uncursed ring of see invisible
Wands
 q - a wand of flame (8)
Scrolls
 e - 5 scrolls of identify
 i - a scroll of teleportation
 k - 2 scrolls of remove curse
 o - a scroll of amnesia
 s - a scroll of torment {unknown}
Potions
 d - a potion of curing
 j - a potion of flight {unknown}
 n - a potion of heal wounds
Comestibles
 c - 9 rations


   Skills:
 - Level 3.0 Fighting
 - Level 7.7 Axes
 + Level 3.9 Armour
 + Level 4.9 Dodging
 - Level 1.7 Stealth


You had 7 spell levels left.
You didn't know any spells.
Your spell library contained the following spells:

 Spells                   Type           Power        Failure   Level  Hunger
 Summon Small Mammal      Summ           #...         56%         1    ##.....
 Call Imp                 Summ           #.......     71%         2    ###....
 Call Canine Familiar     Summ           #.......     90%         3    ####...
 Summon Guardian Golem    Hex/Summ       #.......     90%         3    ####...
 Summon Ice Beast         Ice/Summ       #.......     100%        4    #####..
 Summon Lightning Spire   Summ/Air       #.......     100%        4    #####..


Dungeon Overview and Level Annotations

Branches:
Dungeon (5/15)
 Temple: D:4-7

Altars:
Kikubaaqudgha

Shops:
D:4 =

Annotations:
D:3 1 runed translucent door, Crazy Yiuf
D:5 Menkaure


Innate Abilities, Weirdness & Mutations

You have large cloven feet.
Your flesh is cold resistant. (rC+)
When seriously injured, your bleeding wounds create armour. (AC +6)


Message History

You slash Menkaure!
Menkaure is heavily damaged.
Menkaure calls on the powers of darkness!
The iguana convulses!
Your body is wracked with pain!
Your blood congeals into armour.
Your ring mail prevents you from hitting Menkaure.
Menkaure is heavily damaged.
You hit the iguana. Menkaure completely misses you. The iguana misses you.
Unknown command.
You slash Menkaure!
Menkaure is severely damaged.
You slash the iguana! Menkaure hits you!
* * * LOW HITPOINT WARNING * * *
The iguana bites you.
* * * LOW HITPOINT WARNING * * *
You are too injured to fight recklessly!
You slash the iguana!
You kill the iguana!
You hit Menkaure. Menkaure hits you!
You die...

#######
#...@.#
#.###M.....[
#.# #######
#.# #.# #.#
###.###
#(....#
#####
#..รท..#
###...#


You could see Menkaure.

Vanquished Creatures
  Prince Ribbit (D:5)
  Sigmund (D:3)
  Duvessa (D:5)
  An orc warrior (D:4)
  A phantom (D:5)
  Dowan (D:5)
  3 vampire bats (D:4)
  A wight (D:4)
  5 orc wizards
  An orc priest (D:4)
  2 iguanas
  A worker ant (D:4)
  A hound skeleton (D:4)
  A worker ant zombie (D:5)
  6 adders
  7 gnolls
  An adder skeleton (D:5)
  5 worms (D:2)
  2 leopard geckos
  14 orcs
  A bat skeleton (D:4)
  3 bat zombies (D:4)
  4 giant cockroaches
  10 goblins
  10 hobgoblins
  4 jackals (D:1)
  12 kobolds
  2 quokkas
  7 bats
  6 frilled lizards
  2 rats
117 creatures vanquished.

Notes
Turn   | Place    | Note
-------+----------+-------------------------------------------
     0 | D:1      | floatRand the Demonspawn Monk began the quest for the Orb.
     0 | D:1      | Reached XP level 1. HP: 18/18 MP: 1/1
    80 | D:1      | Reached skill level 3 in Axes
   193 | D:1      | Gained mutation: You have large cloven feet. [demonic
                  | ancestry]
   193 | D:1      | Reached XP level 2. HP: 7/24 MP: 2/2
  1467 | D:2      | Reached XP level 3. HP: 29/29 MP: 3/3
  1562 | D:2      | Reached skill level 4 in Axes
  2158 | D:2      | Gained mutation: Your flesh is cold resistant. (rC+)
                  | [demonic ancestry]
  2158 | D:2      | Reached XP level 4. HP: 14/35 MP: 4/4
  2721 | D:2      | Reached skill level 5 in Axes
  2935 | D:3      | Reached XP level 5. HP: 38/41 MP: 5/5
  3558 | D:3      | Noticed Sigmund
  3737 | D:3      | Killed Sigmund
  3737 | D:3      | Reached skill level 6 in Axes
  3737 | D:3      | Gained mutation: When seriously injured, your bleeding
                  | wounds create armour. (AC +6) [demonic ancestry]
  3737 | D:3      | Reached XP level 6. HP: 47/47 MP: 6/6
  3828 | D:3      | Found a runed translucent door.
  3829 | D:3      | Noticed Crazy Yiuf
  4379 | D:4      | Found Onarghaink's Jewellery Boutique.
  4432 | D:4      | Reached skill level 7 in Axes
  4490 | D:4      | Noticed an orc warrior
  4702 | D:4      | Killed an orc warrior
  4702 | D:4      | Reached XP level 7. HP: 25/52 MP: 7/7
  5039 | D:4      | Reached skill level 1 in Armour
  5298 | D:4      | Found an ancient bone altar of Kikubaaqudgha.
  5351 | D:5      | Entered Level 5 of the Dungeon
  5351 | D:5      | Noticed Duvessa
  5351 | D:5      | Noticed Dowan
  5383 | D:5      | Killed Duvessa
  5394 | D:5      | Killed Dowan
  5394 | D:5      | Reached XP level 8. HP: 39/58 MP: 8/8
  5669 | D:5      | Noticed Prince Ribbit
  5678 | D:5      | Killed Prince Ribbit
  5694 | D:5      | Noticed Menkaure
  5700 | D:5      | Slain by Menkaure

Levels and vault maps discovered:
D:1:      sevenhm_arrival_forest_fort_small_3, layout_basic,
          minmay_misc_feat_columns
D:2:      layout_basic, kennysheep_generic_room_2
D:3:      layout_loops_ring, uniq_crazy_yiuf_cottage, uniq_sigmund
D:4:      layout_rooms, kennysheep_vampire_church, serial_shops,
          nicolae_shop_trees, minmay_misc_feat_cross, kennysheep_generic_room_7
D:5:      layout_loops_cross, minmay_temple_entry_hall, first_ration,
          nicolae_ru_the_path_less_chosen, uniq_duvessa, uniq_prince_ribbit1,
          uniq_menkaure

Skill      XL: |  1  2  3  4  5  6  7  8 |
---------------+-------------------------+-----
Axes           | 3 4 5 6 7 |  7.7
Armour         | 2 3 |  3.9
Dodging        | 4 |  4.9
Fighting       | |  3.0
Stealth        | |  1.7

Action                   |  1- 3 |  4- 6 |  7- 9 || total
-------------------------+-------+-------+-------++-------
Melee: Hand axe          |   137 |    51 |       ||   188
       Kick              |    25 |    19 |       ||    44
       Mace              |       |   114 |    29 ||   143
       Battleaxe         |       |       |    64 ||    64
Evoke: Wand              |       |     3 |       ||     3
  Use: Potion            |       |     1 |       ||     1
       Scroll            |       |     7 |     3 ||    10
 Stab: Sleeping          |     3 |     1 |       ||     4
       Confused          |       |     2 |     1 ||     3
  Eat: Chunk             |     3 |     8 |     5 ||    16
Armor: Robe              |    27 |    28 |       ||    55
       Leather armour    |       |       |    26 ||    26
       Ring mail         |       |       |     1 ||     1
Dodge: Dodged            |   123 |   162 |    97 ||   382

Table legend:
 A = Non-vault XP
 B = Vault XP
 C = Vault XP percentage of total XP
 D = Non-vault monster count
 E = Vault monster count
 F = Vault count percentage of total count
                 A         B        C        D         E       F
            +---------+---------+-------+---------+---------+-------
      Total |     912 |     986 |  51.9 |      99 |      18 |  15.4
            +---------+---------+-------+---------+---------+-------
        D:1 |      25 |       0 |   0.0 |      14 |       0 |   0.0
        D:2 |     119 |      29 |  19.6 |      25 |       4 |  13.8
        D:3 |     133 |     212 |  61.4 |      34 |       1 |   2.9
        D:4 |     469 |     232 |  33.1 |      22 |      10 |  31.2
        D:5 |     166 |     513 |  75.6 |       4 |       3 |  42.9
            +---------+---------+-------+---------+---------+-------
